 Dungeon Crawl Stone Soup version 0.20.0-15-g7f486f2 (webtiles) character file.

303 Naow the Magician (level 6, 0/32 HPs)
             Began as a Deep Elf Earth Elementalist on June 10, 2017.
             Was an Initiate of Vehumet.
             Killed from afar by an orc wizard (4 damage)
             ... with a magic dart
             ... on level 2 of the Dungeon.
             The game lasted 00:05:02 (2393 turns).

Naow the Magician (Deep Elf Earth Elementalist)     Turns: 2393, Time: 00:05:03

Health: 0/32       AC:  3    Str:  5    XL:     6   Next: 15%
Magic:  13/17      EV: 13    Int: 22    God:    Vehumet [......]
Gold:   102        SH:  0    Dex: 15    Spells: 17/18 levels left

rFire    . . .     SeeInvis .   (no weapon)
rCold    . . .     Gourm    .   (no shield)
rNeg     . . .     Faith    .   c - +0 robe
rPois    .         Spirit   .   h - +1 hat
rElec    .         Reflect  .   (no cloak)
rCorr    .         Harm     .   (no gloves)
MR       +....                  (no boots)
Stlth    ++........             (no amulet)
Regen    0.1/turn               q - ring of protection from magic
MPRegen  0.2/turn               (no ring)

@: no status effects
A: no striking features
a: Renounce Religion


You were on level 2 of the Dungeon.
You worshipped Vehumet.
Vehumet was noncommittal.
You were not hungry.

You visited 1 branch of the dungeon, and saw 3 of its levels.

You collected 102 gold pieces.

Inventory:

Missiles
 b - 56 stones (quivered)
Armour
 c - a +0 robe (worn)
 h - a +1 hat (worn)
Jewellery
 q - a ring of protection from magic (left hand)
Scrolls
 f - 3 scrolls of identify {unknown}
 g - 3 scrolls of enchant weapon {unknown}
 i - a scroll of immolation {unknown}
 l - a scroll of teleportation {unknown}
 n - a scroll of fear {unknown}
Potions
 k - 2 potions of curing {unknown}
 m - a potion of might {unknown}
 o - a potion of resistance {unknown}
 p - a potion of cancellation {unknown}
 r - a potion of degeneration {unknown}
Books
 e - a book of Geomancy

   Spells                             Type                      Level
   a - Sandblast                      Earth                        1
   b - Passwall                       Transmutation/Earth          2
   c - Stone Arrow                    Conjuration/Earth            3
   d - Petrify                        Transmutation/Earth          4
   e - Lee's Rapid Deconstruction     Earth                        5
Comestibles
 a - a chunk of flesh
 d - 2 bread rations
 j - a royal jelly


   Skills:
 - Level 2.4 Dodging
 - Level 2.4 Stealth
 + Level 6.5 Spellcasting
   Level 1.1 Transmutations
 + Level 5.8 Earth Magic


You had 17 spell levels left.
You knew the following spells:

 Your Spells              Type           Power        Failure   Level  Hunger
a - Sandblast             Erth           ####..       1%          1    None


Dungeon Overview and Level Annotations

Branches:
Dungeon (3/15)

Altars:
Dithmenos
Fedhas
Nemelex Xobeh
Vehumet
Xom


Message History

The blast of sand hits the orc.
The orc is heavily wounded.
b - 56 stones The orc hits you from afar with a trident.
* * * LOW HITPOINT WARNING * * *
Something hits you.
* * * LOW HITPOINT WARNING * * *
The orc misses you.
There is a stone staircase leading up here.
You hear some strange, mumbled words.
Something tries to affect you, but you resist.
The orc hits you but does no damage.
You climb upwards.
There is a stone staircase leading down here.
You hear some strange, mumbled words.
Something tries to affect you, but you resist.
There is an open door here.
A magic dart appears from out of thin air!
The magic dart hits you!
You die...

###### ###### ### .....# #....#
#.. .....# #....##### ##### #..
.....######........######...###..
.....##.....#......##............
.....>'..........................
......#.....#......##............
......#.....#......##............
......#.....####@..#........#.#..
##.....#...........#.##..###...##
##.....+.........................
.....#.#...........#.............
.....#...........................
.....#...##########.#............
.....#...###### #.#...........#
..............#####.#............
...##.......<....................


There were no monsters in sight!

Vanquished Creatures
  Grinder (D:3)
  An orc wizard (D:3)
  3 adders (D:2)
  A worm (D:2)
  A dart slug (D:1)
  A leopard gecko (D:2)
  An orc (D:3)
  4 giant cockroaches
  4 goblins
  9 hobgoblins
  4 jackals (D:2)
  5 bats
  3 frilled lizards
  7 kobolds
  10 rats
55 creatures vanquished.

Notes
Turn   | Place    | Note
-------+----------+-------------------------------------------
     0 | D:1      | Naow the Deep Elf Earth Elementalist began the quest for the Orb.
     0 | D:1      | Reached XP level 1. HP: 10/10 MP: 6/6
   157 | D:1      | Reached XP level 2. HP: 15/15 MP: 5/8
   957 | D:1      | Reached skill level 4 in Spellcasting
  1177 | D:2      | Reached XP level 3. HP: 19/19 MP: 6/10
  1828 | D:2      | Reached XP level 4. HP: 24/24 MP: 9/12
  1898 | D:2      | Found a blossoming altar of Fedhas.
  1901 | D:2      | Found a sparkling altar of Nemelex Xobeh.
  1904 | D:2      | Found a shimmering altar of Xom.
  2202 | D:3      | Found a shadowy altar of Dithmenos.
  2263 | D:3      | Noticed Grinder
  2269 | D:3      | Killed Grinder
  2269 | D:3      | Reached skill level 6 in Spellcasting
  2269 | D:3      | Reached skill level 5 in Earth Magic
  2269 | D:3      | Reached XP level 5. HP: 28/28 MP: 8/15
  2269 | D:3      | Reached XP level 6. HP: 32/32 MP: 9/17
  2322 | D:3      | Found a radiant altar of Vehumet.
  2337 | D:3      | Became a worshipper of Vehumet
  2393 | D:2      | Killed from afar by an orc wizard

Skill      XL: |  1  2  3  4 |
---------------+-------------+-----
Spellcasting   | 4 6 |  6.5
Earth Magic    | 4 5 |  5.8
Dodging        | |  2.4
Stealth        | |  2.4
Transmutations | |  1.1

Action                   |  1- 3 |  4- 6 || total
-------------------------+-------+-------++-------
Melee: Unarmed           |     3 |     1 ||     4
 Cast: Sandblast         |    54 |    28 ||    82
  Eat: Chunk             |     3 |     1 ||     4
Armor: Robe              |     1 |     2 ||     3
Dodge: Dodged            |    10 |     8 ||    18
